 Seeded DCSS version 0.31-a0-174-g85c54bcb58 (webtiles) character file.

Game seed: 12147135879161508687 (custom seed)

639 innerfire43 the Shooter (level 7, -6/52 HPs)
             Began as a Demonspawn Monk on June 15, 2023.
             Was an Initiate of Yredelemnul.
             Mangled by a hornet (12 damage)
             ... while paralysed by a hornet
             ... on level 4 of the Dungeon.
             The game lasted 00:08:27 (3762 turns).

innerfire43 the Shooter (Demonspawn Monk)           Turns: 3762, Time: 00:08:27

Health: -6/52      AC:  8    Str: 13    XL:     7   Next: 25%
Magic:  7/7        EV:  2    Int: 11    God:    Yredelemnul [......]
Gold:   819        SH:  0    Dex: 22    Spells: 6/6 levels left

rFire   . . .        k - +0 sling (flame)
rCold   . . .        d - orb {light}
rNeg    . . .        b - +0 robe
rPois   .            (no helmet)
rElec   .            (no cloak)
rCorr   .            (no gloves)
SInv    .            (no boots)
Will    .....        (no amulet)
Stlth   +            g - +4 ring of protection
HPRegen 0.28/turn    t - +6 ring of dexterity
MPRegen 0.10/turn

%: no passive effects
@: paralysed, lethally poisoned (-6 -> -9), slowed, glowing
A: molten scales 1, powered by pain 1
a: Renounce Religion, Recall Undead Harvest


You were on level 4 of the Dungeon.
You worshipped Yredelemnul.
Yredelemnul was noncommittal.
You visited 1 branch of the dungeon, and saw 4 of its levels.

You collected 819 gold pieces.

Inventory:

Hand Weapons
 a - a +0 falchion
 k - a +0 sling of flaming (weapon)
Armour
 b - a +0 robe (worn)
 d - an orb of light (worn)
Jewellery
 g - a +4 ring of protection (left hand)
 h - a ring of wizardry
 t - a +6 ring of dexterity (right hand)
Scrolls
 e - a scroll of poison
 l - 2 scrolls of fog
 m - a scroll of noise
 p - a scroll of fear
 q - a scroll of vulnerability
Potions
 c - a potion of ambrosia
 f - a potion of enlightenment {unknown}
 i - a potion of mutation {unknown}
 n - a potion of attraction {unknown}
 o - a potion of haste {unknown}
 r - a potion of brilliance {unknown}


   Skills:
 - Level 3.0 Fighting
 - Level 3.1 Long Blades
 * Level 6.3 Ranged Weapons
 + Level 3.8 Dodging
 - Level 0.2 Stealth


You had 6 spell levels left.
You didn't know any spells.
Your spell library contained the following spells:

 Spells                   Type           Power      Damage    Failure   Level
 Sandblast                Erth           0%         2d4       34%         1
 Passwall                 Tmut/Erth      0%         N/A       47%         2
 Stone Arrow              Conj/Erth      0%         3d7       71%         3


Dungeon Overview and Level Annotations

Branches:
Dungeon (4/15)             Temple (0/1) D:4

Altars:
Dithmenos
Okawaru
Ru
Vehumet
Wu Jian
Yredelemnul

Annotations:
D:4 1 runed translucent door, Crazy Yiuf


Innate Abilities, Weirdness & Mutations

You are partially covered in molten scales. (AC +2)
You sometimes gain a little power by taking damage.


Message History

You can move again.
You shoot a sling bullet.
The sling bullet hits the hornet but does no damage.
The hornet is heavily wounded.
You feel very sick. The hornet stings you.
You feel as though you will be slow longer.
The hornet completely misses you.
You shoot a sling bullet. The sling bullet hits the hornet!
The sling bullet burns the hornet.
The hornet is almost dead.
You feel sick. The hornet barely misses you. The hornet stings you!
You are more poisoned.
You feel as though you will be slow longer.
The hornet stings you but does no damage.
You shoot a sling bullet. The sling bullet hits the hornet.
The sling bullet burns the hornet.
The hornet is almost dead.
* * * LOW HITPOINT WARNING * * *
You feel very sick.
The hornet stings you but does no damage.
The hornet stings you.
* * * LOW HITPOINT WARNING * * *
You feel as though you will be slow longer.
You feel much better.
You feel very sick. The hornet stings you!
You feel as though you will be slow longer.
The hornet barely misses you.
You shoot a sling bullet.
The sling bullet completely misses the hornet.
You feel very sick. The hornet stings you.
* * * LOW HITPOINT WARNING * * *
You suddenly lose the ability to move!
The hornet stings you but does no damage.
The hornet barely misses you.
You feel sick. The hornet stings you!
You die...
Your body rises from the dead as a mindless zombie.

#.##.#......... .
#.##.##.####...#.#
#.#.##.##.##...###.#
#.#.##.##....###...#
#.#.##.##).#........
##............##..>..
.....##........#.....
#.......###.##...#
##@y.##### #..#.###
#.....######..#.#..
#.................^
#.....########.#.#.
#....## #...#.
#.#.##############.
#.#....<...........
#.#################
#.............#


You could see a hornet.

Vanquished Creatures
  Grinder (D:3)
  2 hounds (D:4)
  4 orc priests
  Natasha (D:4)
  2 orc wizards (D:2)
  5 adders
  A worm (D:3)
  2 dart slugs (D:3)
  6 orcs
  9 ball pythons
  8 bats
  5 endoplasms
  2 giant cockroaches
  3 goblins
  14 hobgoblins
  5 jackals
  5 kobolds
  6 quokkas
  3 frilled lizards
  3 rats
87 creatures vanquished.

Vanquished Creatures (collateral kills)
  An orc wizard (D:4)
  An adder (D:2)
  A worm (D:3)
  An orc (D:4)
  An endoplasm (D:4)
  A kobold (D:4)
  2 rats
8 creatures vanquished.

Vanquished Creatures (others)
  A hound zombie (D:4)
  6 orc zombies
  An adder zombie (D:3)
  A dart slug zombie (D:3)
  An endoplasm zombie (D:3)
  A goblin zombie (D:3)
  3 hobgoblin zombies (D:3)
  A quokka zombie (D:4)
15 creatures vanquished.

Grand Total: 110 creatures vanquished

Notes
Turn   | Place    | Note
-------+----------+-------------------------------------------
     0 | D:1      | innerfire43 the Demonspawn Monk began the quest for the
                  | Orb.
     0 | D:1      | Reached XP level 1. HP: 18/18 MP: 1/1
   249 | D:1      | Gained mutation: You sometimes gain a little power by
                  | taking damage. [demonic ancestry]
   249 | D:1      | Reached XP level 2. HP: 21/24 MP: 2/2
  1110 | D:2      | Reached XP level 3. HP: 29/29 MP: 3/3
  1299 | D:2      | Found a faded altar of an unknown god.
  1303 | D:2      | Prayed at the altar of an unknown god.
  1303 | D:2      | Became a worshipper of Yredelemnul the Dark
  1303 | D:2      | Reached * piety under Yredelemnul
  1335 | D:2      | Reached skill level 1 in Ranged Weapons
  1414 | D:2      | Reached XP level 4. HP: 16/35 MP: 4/4
  1657 | D:2      | Reached skill level 2 in Ranged Weapons
  1757 | D:2      | Reached ** piety under Yredelemnul
  1940 | D:3      | Noticed Grinder
  2050 | D:2      | Reached skill level 3 in Ranged Weapons
  2064 | D:2      | Reached XP level 5. HP: 24/41 MP: 5/5
  2573 | D:3      | Found a radiant altar of Vehumet.
  2586 | D:3      | Reached skill level 4 in Ranged Weapons
  2593 | D:3      | Paralysed by Grinder for 4 turns
  2603 | D:3      | Paralysed by Grinder for 4 turns
  2609 | D:3      | Killed Grinder
  2610 | D:3      | Reached skill level 5 in Ranged Weapons
  2610 | D:3      | Gained mutation: You are partially covered in molten
                  | scales. (AC +2) [demonic ancestry]
  2610 | D:3      | Reached XP level 6. HP: 46/47 MP: 6/6
  2617 | D:3      | Found a sacrificial altar of Ru.
  2620 | D:3      | Found a shadowy altar of Dithmenos.
  2622 | D:3      | Found a basalt altar of Yredelemnul.
  2627 | D:3      | Found an iron altar of Okawaru.
  3266 | D:4      | Found a staircase to the Ecumenical Temple.
  3306 | D:3      | Identified a scroll of acquirement
  3311 | D:3      | Acquired 588 gold pieces
  3442 | D:4      | Found an ornate altar of the Wu Jian Council.
  3465 | D:4      | Reached XP level 7. HP: 52/52 MP: 7/7
  3493 | D:4      | Found a runed translucent door.
  3494 | D:4      | Noticed Crazy Yiuf
  3523 | D:4      | Reached skill level 6 in Ranged Weapons
  3684 | D:4      | Noticed Natasha
  3689 | D:4      | Killed Natasha
  3750 | D:4      | Noticed a hornet
  3756 | D:4      | Paralysed by a hornet for 1 turns
  3761 | D:4      | Paralysed by a hornet for 3 turns
  3762 | D:4      | Mangled by a hornet

Illustrated notes

Levels and vault maps discovered:
D:1:      dpeg_arrival_ternary, layout_basic
D:2:      layout_basic, shapermc_ecumenical_altar_mp_vishouse,
          chequers_serial_rivers_large_b, corexii_corridor_pit,
          mrwooster_statue_mirror, chequers_serial_rivers_small_a
D:3:      layout_loops_corners, nicolae_overflow_hallway_of_the_gods,
          minmay_pentangle, uniq_grinder
D:4:      layout_loops_ring, lemuel_tele_altar,
          nicolae_gozag_cash_rules_everything_around_me,
          minmay_temple_entry_slanted, uniq_crazy_yiuf_cottage, uniq_natasha,
          uniq_robin

Skill      XL: |  1  2  3  4  5  6  7 |
---------------+----------------------+-----
Dodging        | 3 |  3.8
Long Blades    | 3 |  3.1
Ranged Weapons | 1 3 5 6 |  6.3
Fighting       | |  3.0
Stealth        | |  0.2

Action                     |  1- 3 |  4- 6 |  7- 9 || total
---------------------------+-------+-------+-------++-------
  Melee: Falchion          |    40 |       |       ||    40
         Sling             |       |     7 |       ||     7
   Fire: Sling             |    57 |   140 |    29 ||   226
    Use: Potion            |     1 |     1 |     1 ||     3
         Scroll            |       |     8 |       ||     8
 Armour: Robe              |    28 |    33 |     7 ||    68
  Dodge: Dodged            |    59 |    70 |     8 ||   137

Table legend: (Time is in decaauts)
 A = Elapsed time spent in this place.
 B = Non-inter-level travel time spent in this place.
 C = Inter-level travel time spent in this place.
 D = Time resting spent in this place.
 E = Time spent auto-exploring this place.
 F = Levels seen in this place.
 G = Mean time per level.
                   A        B        C        D        E       F      G
               +--------+--------+--------+--------+--------+-----+--------+
         Total |   3864 |   3752 |    112 |      0 |   2831 |   4 |  966.0 |
       Dungeon |   3864 |   3752 |    112 |      0 |   2831 |   4 |  966.0 |
               +--------+--------+--------+--------+--------+-----+--------+

Top non-repeatable levels by time:
     D:2: 1195 daAuts
     D:3: 1171 daAuts
     D:1: 998 daAuts
     D:4: 499 daAuts
